 Dungeon Crawl Stone Soup version 0.32-a0-599-gba8f9cf90e (webtiles) character file.

Game seed: 12412235501156340216

7579 cforsyth the Scholar of Death (level 10, -6/95 HPs)
             Began as a Mountain Dwarf Necromancer on Mar 2, 2024.
             Was a Follower of Kikubaaqudgha.
             Mangled by a warg (12 damage)
             ... on level 9 of the Dungeon.
             The game lasted 00:35:32 (19329 turns).

cforsyth the Scholar of Death (MDNe)               Turns: 19329, Time: 00:35:34

Health: -6/95      AC: 32    Str: 12    XL:     10   Next: 97%
Magic:  1/12       EV: -1    Int: 22    God:    Kikubaaqudgha [*.....]
Gold:   471        SH:  0    Dex: 10    Spells: 7/12 levels left

rFire   . . .        k - +0 war axe
rCold   + . .        (no shield)
rNeg    . . .        g - +8 orange crystal plate armour {Archmagi, Int+3 Clar}
rPois   .            (no helmet)
rElec   .            (no cloak)
rCorr   .            l - +0 pair of gloves
SInv    .            r - +0 pair of boots
Will    +....        j - amulet of the acrobat Stlth
                     T - +4 ring of protection
HPRegen 0.35/turn    C - ring of protection from cold
MPRegen 0.13/turn

%: acrobat, clarity, archmagi
@: animating dead
A: runic magic, artefact enchanting
a: Renounce Religion, Unearth Wretches


You were on level 9 of the Dungeon.
You worshipped Kikubaaqudgha.
Kikubaaqudgha was aware of your devotion.
You visited 2 branches of the dungeon, and saw 10 of its levels.
You also visited: Bailey.

You collected 632 gold pieces.
You spent 161 gold pieces at shops.


Innate Abilities, Weirdness & Mutations

Your spellcasting is much less encumbered by armour.
You can use scrolls of enchantment on lesser artefacts.


   Skills:
 - Level 11.0 Fighting
 + Level 6.3 Axes
 + Level 5.6 Armour
 - Level 1.3 Dodging
 - Level 1.4 Stealth
 - Level 1.7 Spellcasting
 - Level 13.0 Necromancy


You had 7 spell levels left.
You knew the following spells:

 Your Spells              Type           Power      Damage    Failure   Level
a - Animate Dead          Necr           73%        N/A       4%          4
X - Necrotise             Necr           100%       1d9       1%          1

Your spell library contained the following spells:

 Spells                   Type           Power      Damage    Failure   Level
 Sublimation of Blood     Necr           73%        N/A       1%          2
 Fugue of the Fallen      Necr           73%        N/A       1%          3
 Vampiric Draining        Necr           73%        2d11      1%          3
 Kiss of Death            Conj/Necr      100%       2d13      7%          1
 Curse of Agony           Necr           73%        N/A       13%         5
 Cigotuvi's Dreadful Rot  Necr/Alch/Air  62%        N/A       26%         2
 Shock                    Conj/Air       8%         1d3       71%         1
 Sigil of Binding         Hex            2%         N/A       97%         3
 Yara's Violent Unravell  Hex/Alch       1%         3d3       100%        5
 Chain Lightning          Conj/Air       1%         3d1       100%        9

Inventory:

Hand Weapons
 k - a +0 war axe (weapon)
Armour
 g - the +8 orange crystal plate armour (worn) {Archmagi, Int+3 Clar}
   (You acquired it on level 9 of the Dungeon)

   Int+3:     It affects your intelligence (+3).
   Clar:      It protects you from confusion, rage, mesmerisation and fear.
 l - a +0 pair of gloves (worn)
 r - a +0 pair of boots (worn)
 A - a +0 plate armour
Magical Staves
 i - a staff of fire {!a}
Jewellery
 j - an amulet of the acrobat (around neck)
 C - a ring of protection from cold (right hand)
 T - a +4 ring of protection (left hand)
Wands
 m - a wand of flame (11)
 v - a wand of roots (9)
Scrolls
 c - a scroll of teleportation {@r2}
 h - 3 scrolls of enchant armour
 o - 2 scrolls of vulnerability
 p - 3 scrolls of blinking
 u - a scroll of butterflies
 w - 2 scrolls of amnesia
 x - a scroll of poison
 y - 5 scrolls of enchant weapon
 D - 2 scrolls of immolation {unknown}
Potions
 a - a potion of might
 b - a potion of magic
 d - a potion of cancellation
 e - 2 potions of brilliance
 f - 2 potions of haste {@q3}
 n - 3 potions of enlightenment
 q - 3 potions of lignification
 s - 2 potions of attraction
 t - 2 potions of heal wounds {@q2}
Miscellaneous
 z - a sack of spiders (inert)

Dungeon Overview and Level Annotations

Branches:
Dungeon (9/15)             Temple (1/1) D:4            Lair (0/5) D:8
    Orc (0/2) D:9          Bailey (visited)

Altars:
Ashenzari
Cheibriados
Dithmenos
Elyvilon
Fedhas
Gozag
Kikubaaqudgha
Makhleb
Nemelex Xobeh
Okawaru
Qazlal
Ru
Sif Muna
Trog
Uskayaw
Vehumet
Wu Jian
Xom
Yredelemnul
Zin
The Shining One

Shops:
D:4 ?(   D:5 (

Annotations:
D:2 Sigmund
D:3 1 runed translucent door, Crazy Yiuf

.......###...### #.# #.#
..##.#.........# #.# #.#
####...###...#.###.###.# #####
#.............# ##.##.#########
#.#### #.# #.########### ####
#.#..)@h[...# ...# #.#.#######.#
##.# ### #.#.# #.# #.###.## #.#.#
#####.## #+ ##.##.#.###.#)#
#......# ##.
.......#.##.#(###.###..# ##..
##..##......).....###.o# #.ß.
##.#.###..............g#######...
...##.#.##...#########......##.ßo


You could see a warg.


Message History

The puff of flame hits the warg.
The warg is almost dead.
The warg bites you.
* * * LOW HITPOINT WARNING * * *
The warg bites you.
* * * LOW HITPOINT WARNING * * *
Aiming: Throw Flame
Press: ? - help, Shift-Dir - straight line, f/p - warg
Aim: a warg (almost dead, 60% to hit)
The puff of flame hits the warg but does no damage.
The warg is almost dead.
The warg bites you but does no damage.
Aiming: Throw Flame
Press: ? - help, Shift-Dir - straight line, f/p - warg
Aim: a warg (almost dead, 60% to hit)
The puff of flame hits the warg.
The warg is almost dead.
The warg bites you but does no damage. x2
Aiming: Throw Flame
Press: ? - help, Shift-Dir - straight line, f/p - warg
Aim: a warg (almost dead, 60% to hit)
The puff of flame misses the warg.
The warg bites you.
* * * LOW HITPOINT WARNING * * *
Aiming: Throw Flame
Press: ? - help, Shift-Dir - straight line, f/p - warg
Aim: a warg (almost dead, 60% to hit)
The puff of flame misses the warg.
The warg bites you but does no damage. The warg bites you!
You die...
Kikubaaqudgha rasps: You have failed me!
Welcome... death!

Skill      XL: |  1  2  3  4  5  6  7  8  9 10 |
---------------+-------------------------------+-----
Fighting       | 1 2 3 4 5 7 9 11 | 11.0
Necromancy     | 5 6 7 8 10 11 13 | 13.0
Axes           | 6 |  6.3
Armour         | 5 |  5.6
Dodging        | |  1.3
Stealth        | |  1.4
Spellcasting   | |  1.7

Action                     |  1- 3 |  4- 6 |  7- 9 | 10-12 || total
---------------------------+-------+-------+-------+-------++-------
  Melee: Unarmed           |    25 |       |       |       ||    25
         War axe           |     2 |    37 |   126 |   313 ||   478
   Cast: Necrotise         |    69 |    78 |   292 |   154 ||   593
         Animate Dead      |       |       |     2 |     8 ||    10
  Evoke: Wand              |       |       |     4 |     6 ||    10
         Sack of spiders   |       |       |       |     2 ||     2
    Use: Scroll            |       |     7 |     4 |    13 ||    24
         Potion            |       |       |     1 |     2 ||     3
   Stab: Distracted        |       |       |     1 |     1 ||     2
 Armour: Robe              |    21 |       |       |       ||    21
         Ring mail         |     3 |     4 |       |       ||     7
         Chain mail        |       |   119 |   325 |       ||   444
         Plate armour      |       |       |    56 |   532 ||   588
         Crystal plate arm |       |       |       |   114 ||   114
  Dodge: Dodged            |    33 |    34 |   117 |    98 ||   282

Levels and vault maps discovered:
D:1:      spicycebolla_green_bress_n_ham, layout_basic
D:2:      layout_loops_ring, uniq_sigmund
D:3:      layout_basic, uniq_crazy_yiuf_cottage
D:4:      layout_basic, lemuel_crystal_altar, minmay_temple_entry_tees,
          serial_shops, shop, nicolae_shop_firing_range
D:5:      layout_loops_corners, overflow_temple_1_default, serial_shops,
          nicolae_shop_crystal, serial_bayou_lake_a
D:6:      layout_basic, mainiacjoe_overflow_concentric_impassable,
          corexii_item_surrounded_by_moat, chequers_serial_rivers_micro_a,
          minmay_misc_feat_columns, serial_bayou_lagoon_a,
          minmay_misc_feat_enclosed, uniq_prince_ribbit1, uniq_menkaure
D:7:      layout_loops_ring, fedhas_ov_isle_minmay,
          mainiacjoe_overflow_cross_hatched, enter_bailey_2
D:8:      layout_layer_cave, erik_lair_dragon
D:9:      layout_loops_corners, nicolae_wu_jian_wuxing_cycle,
          lemuel_crystal_altar, worldfamousw_hep_ancestral_shrine,
          david_orc_1_choice, minmay_crystal_water, uniq_maggie, uniq_maurice
Temple:   minmay_temple_curvy_branch

Notes
Turn   | Place    | Note
-------+----------+-------------------------------------------
     0 | D:1      | cforsyth the Mountain Dwarf Necromancer began the quest for
                  | the Orb.
     0 | D:1      | Reached XP level 1. HP: 14/14 MP: 3/3
   199 | D:1      | Reached skill level 1 in Fighting
   367 | D:1      | Reached XP level 2. HP: 21/23 MP: 1/4
  1390 | D:2      | Reached skill level 2 in Fighting
  1396 | D:2      | Reached skill level 5 in Necromancy
  1396 | D:2      | Reached XP level 3. HP: 29/29 MP: 1/5
  1498 | D:2      | Noticed Sigmund
  1872 | D:3      | Found a runed translucent door.
  1873 | D:3      | Noticed Crazy Yiuf
  2445 | D:4      | Reached XP level 4. HP: 37/37 MP: 3/6
  2451 | D:4      | Found Tohujes's Magic Scroll Emporium.
  2520 | D:4      | Bought a scroll of blinking for 105 gold pieces
  2520 | D:4      | Bought 2 scrolls of identify for 56 gold pieces
  2605 | D:4      | Reached skill level 3 in Fighting
  2666 | D:4      | Found a staircase to the Ecumenical Temple.
  2681 | Temple   | Entered the Ecumenical Temple
  2788 | D:4      | Found a shimmering blue altar of Sif Muna.
  2925 | D:4      | Found Dulibaux's Firing Range.
  3020 | D:4      | Reached XP level 5. HP: 43/46 MP: 1/7
  3234 | D:5      | Entered Level 5 of the Dungeon
  3282 | D:5      | Reached skill level 6 in Necromancy
  3359 | D:5      | Reached skill level 4 in Fighting
  3427 | D:5      | Noticed a phantom
  3442 | D:5      | Killed a phantom
  3443 | D:5      | Reached XP level 6. HP: 46/53 MP: 8/8
  3811 | D:5      | Reached skill level 5 in Fighting
  3902 | D:5      | Reached skill level 7 in Necromancy
  4191 | D:5      | Reached XP level 7. HP: 61/61 MP: 3/9
  4240 | D:5      | Found an ancient bone altar of Kikubaaqudgha.
  4513 | D:5      | Found Tigon's Weapon Shop.
  4644 | D:6      | Reached skill level 6 in Fighting
  4744 | D:6      | Found a shimmering altar of Xom.
  4744 | D:6      | Noticed Prince Ribbit
  4787 | D:6      | Killed Prince Ribbit
  4788 | D:6      | Reached skill level 8 in Necromancy
  5277 | D:6      | Reached skill level 7 in Fighting
  5277 | D:6      | Reached XP level 8. HP: 60/73 MP: 4/10
  5381 | D:6      | Noticed Menkaure
  5627 | D:6      | Reached skill level 9 in Necromancy
  5807 | D:6      | Reached skill level 8 in Fighting
  5888 | D:6      | Killed Menkaure
  6713 | D:7      | Found a flagged portal.
  6747 | D:7      | Reached skill level 10 in Necromancy
  6753 | D:7      | Learned a level 4 spell: Animate Dead
  6787 | Bailey   | Entered a bailey
  7008 | Bailey   | Reached skill level 9 in Fighting
  7008 | Bailey   | Reached XP level 9. HP: 54/83 MP: 3/11
  7381 | Bailey   | HP: 4/83 [orc warrior/+0 glaive (15)]
  7947 | Bailey   | Reached skill level 10 in Fighting
  7947 | Bailey   | Reached skill level 11 in Necromancy
  9090 | Bailey   | Got the Volume of Voltaic Interference
  9295 | D:7      | Found a blossoming altar of Fedhas.
  9379 | D:5      | Became a worshipper of Kikubaaqudgha
  9558 | D:7      | Reached skill level 11 in Fighting
 10242 | D:7      | Reached XP level 10. HP: 86/87 MP: 3/12
 10341 | D:7      | Reached skill level 1 in Axes
 10341 | D:7      | Reached skill level 1 in Armour
 10418 | D:7      | Found a sparkling altar of Nemelex Xobeh.
 10458 | D:7      | Reached skill level 12 in Necromancy
 10953 | D:7      | Reached skill level 2 in Axes
 11282 | D:6      | Reached skill level 2 in Armour
 12373 | D:8      | HP: 3/70 [wyvern (6)]
 12556 | D:8      | Reached skill level 3 in Axes
 13015 | D:8      | Reached skill level 3 in Armour
 13283 | D:7      | Reached * piety under Kikubaaqudgha
 13283 | D:7      | Received a gift from Kikubaaqudgha
 14596 | D:8      | Reached skill level 4 in Axes
 14867 | D:8      | HP: 6/86 [basilisk (9)]
 15152 | D:8      | Found a staircase to the Lair.
 15385 | D:8      | Reached skill level 4 in Armour
 15634 | D:8      | Found a staircase to the Lair.
 17148 | D:9      | Reached skill level 5 in Axes
 17363 | D:9      | Reached skill level 5 in Armour
 17887 | D:8      | Reached skill level 13 in Necromancy
 18108 | D:9      | Reached skill level 6 in Axes
 18502 | D:9      | Found a staircase to the Orcish Mines.
 18503 | D:9      | Identified a scroll of acquirement
 18506 | D:9      | Acquired the +8 orange crystal plate armour {Archmagi,
                  | Int+3 Clar}
 18506 | D:9      | Found the +8 orange crystal plate armour {Archmagi, Int+3
                  | Clar}
 19029 | D:9      | Found a stormy altar of Qazlal.
 19239 | D:9      | Found an ornate altar of the Wu Jian Council.
 19325 | D:9      | HP: 9/95 [warg (4)]
 19329 | D:9      | Mangled by a warg

Vanquished Creatures
  Prince Ribbit (D:6)
  4 yaks (D:9)
  A wyvern (D:8)
  4 basilisks (D:8)
  A steam dragon (D:8)
  Menkaure (D:6)
  A water moccasin (D:6)
  12 orc warriors
  3 ice beasts
  2 black bears
  An ogre (D:6)
  12 centaurs
  A phantom (D:5)
  3 kobold brigands
  4 bullfrogs
  A scorpion (D:6)
  8 wights
  An electric eel (D:6)
  6 howler monkeys
  A bombardier beetle (D:6)
  3 hounds (D:5)
  3 jellies
  2 gnoll boudas
  7 orc priests
  A sleepcap (D:7)
  5 iguanas
  4 orc wizards
  12 gnolls
  5 adders
  A white imp (D:5)
  3 dart slugs
  2 ribbon worms
  46 orcs
  9 ball pythons
  4 bats
  2 endoplasms
  3 giant cockroaches
  4 goblins
  5 hobgoblins
  3 jackals (D:1)
  18 kobolds
  3 quokkas
  A frilled lizard (D:1)
  4 rats (D:2)
218 creatures vanquished.

Vanquished Creatures (collateral kills)
  2 yaks (D:9)
  A steam dragon (D:9)
  2 orc warriors (Bailey)
  A centaur (Bailey)
  A wight (D:9)
  An electric eel (D:9)
  A sleepcap (D:5)
  4 gnolls
  An adder (D:5)
  2 orcs (Bailey)
  A quokka (D:4)
17 creatures vanquished.

Vanquished Creatures (others)
  A wyvern zombie (D:8)
  3 yak zombies (D:9)
  A centaur zombie (Bailey)
  3 howler monkey zombies (D:9)
  2 orc zombies
  A steam dragon zombie (D:9)
  5 kobold zombies (D:8)
16 creatures vanquished.

Grand Total: 251 creatures vanquished

Table legend: (Time is in decaauts)
 A = Elapsed time spent in this place.
 B = Non-inter-level travel time spent in this place.
 C = Inter-level travel time spent in this place.
 D = Time resting spent in this place.
 E = Time spent auto-exploring this place.
 F = Levels seen in this place.
 G = Mean time per level.
                   A        B        C        D        E       F      G
               +--------+--------+--------+--------+--------+-----+--------+
         Total |  19601 |  19047 |    554 |   4816 |  10599 |  11 | 1781.9 |
       Dungeon |  17091 |  16537 |    554 |   3607 |   9910 |   9 | 1899.0 |
        Temple |      1 |      1 |      0 |      0 |      0 |   1 |    1.0 |
        Bailey |   2508 |   2508 |      0 |   1209 |    689 |   1 | 2508.0 |
               +--------+--------+--------+--------+--------+-----+--------+

Top non-repeatable levels by time:
     D:8: 5185 daAuts
     D:6: 3374 daAuts
  Bailey: 2508 daAuts
     D:9: 1920 daAuts
     D:7: 1748 daAuts
     D:5: 1629 daAuts
     D:1: 1230 daAuts
     D:3: 824 daAuts
     D:4: 791 daAuts
     D:2: 385 daAuts
  Temple: 1 daAuts

Table legend:
 A = Non-vault XP
 B = Vault XP
 C = Vault XP percentage of total XP
 D = Non-vault monster count
 E = Vault monster count
 F = Vault count percentage of total count
                 A         B        C        D         E       F
            +---------+---------+-------+---------+---------+-------
      Total |    6375 |    4453 |  41.1 |     175 |      60 |  25.5
            +---------+---------+-------+---------+---------+-------
        D:1 |      30 |       0 |   0.0 |      17 |       0 |   0.0
        D:2 |      16 |       0 |   0.0 |       9 |       0 |   0.0
        D:3 |      42 |       0 |   0.0 |      15 |       0 |   0.0
        D:4 |     138 |       0 |   0.0 |      14 |       0 |   0.0
        D:5 |     664 |       0 |   0.0 |      22 |       0 |   0.0
        D:6 |    1554 |     449 |  22.4 |      24 |       2 |   7.7
        D:7 |    1164 |       0 |   0.0 |      27 |       0 |   0.0
        D:8 |     801 |    1279 |  61.5 |      26 |       7 |  21.2
        D:9 |    1966 |     221 |  10.1 |      21 |       4 |  16.0
     Bailey |       0 |    2504 | 100.0 |       0 |      47 | 100.0
            +---------+---------+-------+---------+---------+-------
